 Dungeon Crawl Stone Soup version 0.17-b1-20-g63edfd6 (webtiles) character file.

60 radek the Conjurer (level 3, -3/19 HPs)
             Began as a Deep Elf Conjurer on Nov 4, 2015.
             Killed from afar by radek's ghost (4 damage)
             ... with a magic dart
             ... on level 3 of the Dungeon.
             The game lasted 00:04:29 (1462 turns).

radek the Conjurer (Deep Elf Conjurer)              Turns: 1462, Time: 00:04:30

Health: -3/19      AC:  2    Str:  6    XL:     3   Next: 82%
Magic:  0/9        EV: 12    Int: 17    God:
Gold:   70         SH:  0    Dex: 13    Spells: 1 memorised, 7 levels left

rFire  . . .     SeeInvis .     h - +0 dagger
rCold  . . .     Clarity  .     a - +0 robe
rNeg   . . .     SustAt   .     (no shield)
rPois  .         Gourm    .     u - +0 helmet
rElec  .         Spirit   .     (no cloak)
rCorr  .         Warding  .     (no gloves)
rMut   .         Stasis   .     (no boots)
MR     .....                    (no amulet)
Stlth  ++........               (no ring)
                                (no ring)

@: lethally poisoned (-3 -> -12), not resistant to hostile enchantments,
unstealthy
A: clumsy 1, deformed body, dopey 1
a: no special abilities


You were on level 3 of the Dungeon.
You were hungry.

You visited 1 branch of the dungeon, and saw 3 of its levels.

You collected 70 gold pieces.

Inventory:

Hand Weapons
 h - a +0 dagger (weapon)
Armour
 a - a +0 robe (worn)
 u - a +0 helmet (worn)
Scrolls
 d - a scroll of fog
 j - a scroll of identify
 k - 4 scrolls of teleportation
Potions
 m - 2 potions of heal wounds
Books
 b - a book of Conjurations

   Spells                             Type                      Level
   a - Magic Dart                     Conjuration                  1
   b - Searing Ray                    Conjuration                  2
   c - Dazzling Spray                 Conjuration/Hexes            3
   d - Fulminant Prism                Conjuration/Hexes            4
   e - Iskenderun's Mystic Blast      Conjuration                  4
   f - Iskenderun's Battlesphere      Conjuration/Charms           5
 g - a book of Summonings

   Spells                             Type                      Level
   a - Recall                         Summoning/Translocation      3
   b - Aura of Abjuration             Summoning                    5
   c - Shadow Creatures               Summoning                    5
   d - Summon Demon                   Summoning                    5
   e - Summon Forest                  Summoning/Translocation      5
   f - Summon Mana Viper              Hexes/Summoning              5
Comestibles
 c - a bread ration
 o - a slice of pizza
 s - a meat ration


   Skills:
 - Level 2.4 Dodging
 - Level 2.4 Stealth
 - Level 3.0 Spellcasting
 + Level 6.0 Conjurations


You had 7 spell levels left.
You knew the following spells:

 Your Spells              Type           Power        Failure   Level  Hunger
a - Magic Dart            Conj           ###.         1%          1    None


Dungeon Overview and Level Annotations

Branches:
Dungeon (3/15)

Altars:
Gozag
Yredelemnul

Annotations:
D:3 radek's ghost, amateur DECj


Innate Abilities, Weirdness & Mutations

You are clumsy. (Dex -2)
Armour fits poorly on your strangely shaped body.
You are dopey. (Int -2)


Message History

Radek's ghost is almost destroyed.
You feel sick. Radek's ghost closely misses you.
You hit radek's ghost but do no damage.
Radek's ghost is almost destroyed.
Radek's ghost hits you but does no damage.
You are lethally poisoned!
You barely miss radek's ghost.
Radek's ghost is almost destroyed.
You feel sick.
Radek's ghost gestures at you while chanting.
The magic dart hits you!
* * * LOW HITPOINT WARNING * * *
You barely miss radek's ghost.
Radek's ghost is almost destroyed.
* * * LOW HITPOINT WARNING * * *
You feel sick. The kobold hits you with a dagger.
* * * LOW HITPOINT WARNING * * *
Radek's ghost casts a spell at you. The magic dart hits you!
You die...

######
##################
#.................
#.................
#..#######@#######
#..#.....W.K.....#
#..#.##########..#
#..# #..# #..#
#..# #..# #..#


You could see radek's ghost and a kobold.

Vanquished Creatures
  2 adders (D:2)
  An ooze (D:2)
  A giant gecko (D:2)
  2 bats (D:1)
  3 giant cockroaches
  6 goblins
  4 hobgoblins
  2 jackals (D:1)
  4 kobolds
  2 quokkas (D:2)
  6 giant newts
  5 rats
38 creatures vanquished.

Notes
Turn   | Place    | Note
--------------------------------------------------------------
     0 | D:1      | radek the Deep Elf Conjurer began the quest for the Orb.
     0 | D:1      | Reached XP level 1. HP: 10/10 MP: 6/6
   193 | D:1      | Reached XP level 2. HP: 15/15 MP: 2/8
   283 | D:1      | Reached skill level 5 in Conjurations
   669 | D:2      | Found a basalt altar of Yredelemnul.
   791 | D:2      | Reached XP level 3. HP: 19/19 MP: 4/9
  1101 | D:2      | Found a faded altar to an unknown god.
  1262 | D:2      | Found an opulent altar of Gozag.
  1268 | D:2      | Reached skill level 6 in Conjurations
  1319 | D:3      | Gained mutation: Armour fits poorly on your strangely shaped body. [potion of mutation]
  1319 | D:3      | Gained mutation: You are dopey. (Int -2) [potion of mutation]
  1319 | D:3      | Gained mutation: You are clumsy. (Dex -2) [potion of mutation]
  1449 | D:3      | Noticed radek's ghost (amateur DECj)
  1462 | D:3      | Killed from afar by radek's ghost

Action                   || total
-------------------------++-------
Melee: Dagger            ||    16
 Cast: Magic Dart        ||    80
  Use: Scroll            ||     6
       Potion            ||     5
  Eat: Chunk             ||     1
